 Dungeon Crawl Stone Soup version 0.27.1-16-g815e20cd7a (webtiles) character file.

Game seed: 7618929147859416388

70 TheCrusader the Conjurer (level 4, 0/28 HPs)
             Began as an Octopode Conjurer on Nov 24, 2021.
             Slain by an orc (4 damage)
             ... on level 3 of the Dungeon.
             The game lasted 00:11:28 (1832 turns).

TheCrusader the Conjurer (Octopode Conjurer)        Turns: 1832, Time: 00:11:30

Health: 0/28       AC:  8    Str:  4 (6)  XL:     4   Next: 22%
Magic:  4/7        EV: 13    Int: 19 (20) God:
Gold:   73         SH:  0    Dex: 10 (11) Spells: 6/7 levels left

rFire    . . .     SeeInvis .   k - +0 mace (protect)
rCold    . . .     Faith    .   (no shield)
rNeg     . . .     Spirit   .   (helmet restricted)
rPois    .         Reflect  .   (no amulet)
rElec    .         Harm     .   (no ring)
rCorr    .         Rampage  .   (no ring)
Will     .....                  (no ring)
Stlth    +++.......             (no ring)
HPRegen  0.09/turn              (no ring)
MPRegen  0.10/turn              (no ring)
                                (no ring)
                                (no ring)

@: under a protective aura
A: almost no armour, amphibious, 8 rings, camouflage 1, gelatinous body 1,
(nimble swimmer 1), tentacles
a: no special abilities


You were on level 3 of the Dungeon.
You visited 1 branch of the dungeon, and saw 3 of its levels.

You collected 73 gold pieces.

Inventory:

Hand Weapons
 a - a +4 mace of draining
 j - a +0 flail
 k - a +0 mace of protection (weapon)
Missiles
 g - 28 poisoned darts
Scrolls
 d - a scroll of blinking {unknown}
 e - a scroll of holy word {unknown}
 h - 3 scrolls of identify {unknown}
 i - a scroll of vulnerability {unknown}
Potions
 b - a potion of lignification {unknown}
 c - a potion of degeneration
 f - a potion of curing


   Skills:
 + Level 1.0 Fighting
 + Level 1.2 Maces & Flails
 + Level 2.0 Dodging
 + Level 4.1 Stealth
 + Level 2.0 Spellcasting
 + Level 4.6 Conjurations


You had 6 spell levels left.
You knew the following spells:

 Your Spells              Type           Power      Damage    Failure   Level
a - Magic Dart            Conj           76%        1d6       2%          1

Your spell library contained the following spells:

 Spells                   Type           Power      Damage    Failure   Level
 Searing Ray              Conj           38%        3d4       3%          2
 Freeze                   Ice            4%         1d3       17%         1
 Dazzling Flash           Conj/Hex       20%        N/A       21%         3
 Frozen Ramparts          Ice            2%         1d2       45%         3
 Fulminant Prism          Conj/Hex       5%         3d7       54%         4
 Hailstorm                Conj/Ice       10%        3d5       54%         4
 Iskenderun's Mystic Bla  Conj/Tloc      10%        2d4       54%         4


Dungeon Overview and Level Annotations

Branches:
Dungeon (3/15)

Altars:
Ru

Shops:
D:1 (


Innate Abilities, Weirdness & Mutations

You cannot wear most types of armour.
You are amphibious.
You can wear up to eight rings at the same time.
Your skin changes colour to match your surroundings (Stealth+).
Your rubbery body absorbs attacks. (AC +1, EV +1)
((You are camouflaged near water. (Stealth+)))
You have tentacles for arms and can constrict up to eight enemies at once.


Message History

You completely miss the orc. You constrict the orc. The orc closely misses you.
The orc hits you with a +0 flail.
* * * LOW HITPOINT WARNING * * *
You release your grip on the orc.
It was a potion of degeneration.
There was something very wrong with that liquid.
You feel weakened.
You feel dopey.
You feel clumsy. The orc closely misses you.
It was a potion of curing.
You feel better. The orc barely misses you. The orc misses you.
The magic dart hits the orc.
The orc is lightly wounded.
The orc hits you with a +0 dagger. The orc barely misses you.
Casting: Magic Dart (safe; 2% risk of failure)
Confirm with . or Enter, or press ? or * to list all spells.
Aiming: Magic Dart (safe; 2% risk of failure)
Press: ? - help, Shift-Dir - straight line, f - orc, p - orc
Aim: an orc, wielding a +0 flail and wearing a +0 leather armour of cold resistance (100% to hit)
The magic dart hits the orc.
The orc is moderately wounded.
The orc hits you with a +0 dagger. The orc hits you with a +0 flail.
You are too injured to fight recklessly!
You are too injured to fight recklessly!
Unknown command.
Casting: Magic Dart (safe; 2% risk of failure)
Confirm with . or Enter, or press ? or * to list all spells.
Aiming: Magic Dart (safe; 2% risk of failure)
Press: ? - help, Shift-Dir - straight line, f/p - orc
Aim: an orc, wielding a +0 flail and wearing a +0 leather armour of cold resistance (moderately wounded, 100% to hit)
The magic dart hits the orc.
The orc is heavily wounded.
The orc closely misses you. The orc hits you with a +0 flail!
* * * LOW HITPOINT WARNING * * *
You hit the orc but do no damage.
Your weapon exudes an aura of protection.
You grab the orc.
The orc is heavily wounded.
You constrict the orc, but do no damage.
The orc misses you. The orc hits you with a +0 flail.
You die...

### ... #.# #.# #.# ....
...####.# .... ......oo+
..... .# ......##.#@#
S... .# #.... #.#.#...#
.. .... #.#.#...### .#
... #.#........ .#
..#######.#.....### .#
#.#................
.#####.#.#####.###......
.......#.# ..... ......
.#####...# ###.######...


You could see 2 orcs.

Vanquished Creatures
  2 adders
  A gnoll (D:3)
  A worm (D:2)
  A dart slug (D:1)
  2 orcs (D:3)
  4 ball pythons
  5 endoplasms
  4 goblins
  4 hobgoblins
  2 quokkas
  8 bats
  A frilled lizard (D:1)
35 creatures vanquished.

Notes
Turn   | Place    | Note
-------+----------+-------------------------------------------
     0 | D:1      | TheCrusader the Octopode Conjurer began the quest for the
                  | Orb.
     0 | D:1      | Reached XP level 1. HP: 11/11 MP: 3/3
    34 | D:1      | Found Leel's Antique Weapon Emporium.
   532 | D:1      | Reached XP level 2. HP: 15/17 MP: 5/5
   908 | D:2      | Reached XP level 3. HP: 20/21 MP: 6/6
  1068 | D:2      | Found a faded altar of an unknown god.
  1076 | D:2      | Became a worshipper of Ru the Awakened
  1077 | D:2      | Fell from the grace of Ru
  1376 | D:3      | Reached skill level 1 in Fighting
  1602 | D:3      | Reached XP level 4. HP: 28/28 MP: 7/7
  1634 | D:3      | Reached skill level 1 in Maces & Flails
  1832 | D:3      | Slain by an orc

Illustrated notes

Levels and vault maps discovered:
D:1:      matt_arrival_diagonals, layout_basic, serial_shops, shop
D:2:      layout_basic, dreamdust_ecumenical_altar_angels_and_demons,
          grunt_ministairs_10
D:3:      layout_basic, minmay_misc_feat_ornament, uniq_ijyb

Skill      XL: |  1  2  3  4 |
---------------+-------------+-----
Stealth        | 3 4 |  4.1
Fighting       | 1 |  1.0
Maces & Flails | 1 |  1.2
Dodging        | |  2.0
Spellcasting   | |  2.0
Conjurations   | |  4.6

Action                   |  1- 3 |  4- 6 || total
-------------------------+-------+-------++-------
Melee: Mace              |    43 |    17 ||    60
       Constrict         |    11 |     5 ||    16
       Tentacles         |     6 |     1 ||     7
 Cast: Magic Dart        |     9 |     3 ||    12
Invok: Renounce Religion |     1 |       ||     1
  Use: Potion            |       |     2 ||     2
 Stab: Sleeping          |     7 |     3 ||    10
Armor: Skin              |     2 |     3 ||     5
Dodge: Dodged            |    37 |    14 ||    51
